 Dungeon Crawl Stone Soup version 0.29-a0-998-g1987434951 (webtiles) character file.

Game seed: 9580270150795156023

84 siradein the Shooter (level 4, -1/38 HPs)
             Began as a Draconian Hunter on Aug 6, 2022.
             Slain by a ball python (3 damage)
             ... on level 3 of the Dungeon.
             The game lasted 00:01:29 (1587 turns).

siradein the Shooter (Draconian Hunter)             Turns: 1587, Time: 00:01:29

Health: -1/38      AC:  1    Str: 13    XL:     4   Next: 23%
Magic:  4/4        EV: 10    Int:  9    God:
Gold:   127        SH:  0    Dex: 23    Spells: 3/3 levels left

rFire   . . .      SeeInvis .   a - +0 shortbow
rCold   . . .      Faith    .   (shield currently unavailable)
rNeg    . . .      Spirit   .   (body armour unavailable)
rPois   .          Reflect  .   (helmet restricted)
rElec   .          Harm     .   g - scarf {shadows}
rCorr   .          Rampage  .   (no gloves)
Will    .....                   (no boots)
Stlth   ++........              (no amulet)
HPRegen 0.12/turn               i - +6 ring of dexterity
MPRegen 0.09/turn               (no ring)

@: corroded, constricted
A: AC +5, unfitting armour, cold-blooded
a: no special abilities


You were on level 3 of the Dungeon.
You visited 1 branch of the dungeon, and saw 3 of its levels.

You collected 127 gold pieces.

Inventory:

Hand Weapons
 a - a +0 shortbow (weapon)
Armour
 g - a scarf of shadows (worn)
Jewellery
 i - a +6 ring of dexterity (left hand)
Scrolls
 b - a scroll of immolation
 e - a scroll of enchant armour {unknown}
 h - a scroll of summoning {unknown}
 j - 2 scrolls of identify {unknown}
 k - a scroll of silence {unknown}
 m - a scroll of amnesia {unknown}
 n - a scroll of acquirement {unknown}
Potions
 c - a potion of brilliance {unknown}
 d - a potion of might {unknown}
 f - 2 potions of curing {unknown}
 l - a potion of resistance {unknown}


   Skills:
 + Level 3.0 Fighting
 + Level 4.2 Ranged Weapons
 + Level 2.4 Dodging
 + Level 2.0 Stealth


You had 3 spell levels left.
You didn't know any spells.
Your spell library was empty.

Dungeon Overview and Level Annotations

Branches:
Dungeon (3/15)

Altars:


Innate Abilities, Weirdness & Mutations

Your plain brown scales are hard. (AC +5)
You cannot fit into any form of body armour.
You are cold-blooded and may be slowed by cold attacks.


Message History

The arrow closely misses the ball python.
The ball python closely misses you. The ball python constricts you.
The jelly hits you.
You are splashed with acid!
* * * LOW HITPOINT WARNING * * *
You are too injured to fight recklessly!
You are too injured to fight recklessly!
You are too injured to fight recklessly!
Unknown command.
Okay, then.
Fire: a) +0 shortbow
Press: ? - help, Q - select action Shift-Dir - straight line, f - jelly, p - ball python
Aim: a jelly (almost dead, 91% to hit)
You shoot an arrow. The arrow hits the jelly.
You kill the jelly!
The ball python bites you.
* * * LOW HITPOINT WARNING * * *
The ball python constricts you.
* * * LOW HITPOINT WARNING * * *
The ball python barely misses you. The ball python constricts you.
* * * LOW HITPOINT WARNING * * *
Your Fighting skill increases to level 3!
Your Stealth skill increases to level 2!
You have reached level 4!
You feel agile.
Fire: a) +0 shortbow
Press: ? - help, Q - select action Shift-Dir - straight line, f - ball python
Aim: a ball python (constricting you, 63% to hit)
You shoot an arrow. The arrow hits the ball python.
The ball python is heavily wounded.
The ball python bites you.
* * * LOW HITPOINT WARNING * * *
The ball python constricts you.
* * * LOW HITPOINT WARNING * * *
Fire: a) +0 shortbow
Press: ? - help, Q - select action Shift-Dir - straight line, f/p - ball python
Aim: a ball python (heavily wounded, constricting you, 63% to hit)
You shoot an arrow. The arrow hits the ball python.
The ball python is severely wounded.
The ball python bites you.
You die...

#..## #.... ...>..
#.##. ....... #.##.
....... #.##.
......#### #'##.
..........# #..#.
....#S#...# #..#.
......@...# #..#.
#####.....#########..#.
#............##'###
#.....#####........
#.....# #...#.###
#.....#####.#.#.#
+...........#...#
#.....#######..)#
#.....# #..>#


You could see a ball python.

Vanquished Creatures
  A jelly (D:3)
  An adder (D:3)
  A worm (D:2)
  5 endoplasms
  2 giant cockroaches
  3 goblins (D:2)
  A hobgoblin (D:2)
  A quokka (D:1)
  A ball python (D:1)
  2 bats
  A frilled lizard (D:2)
  2 kobolds (D:2)
  3 rats
24 creatures vanquished.

Notes
Turn   | Place    | Note
-------+----------+-------------------------------------------
     0 | D:1      | siradein the Draconian Hunter began the quest for the Orb.
     0 | D:1      | Reached XP level 1. HP: 17/17 MP: 1/1
   167 | D:1      | Found a faded altar of an unknown god.
   573 | D:2      | Reached skill level 1 in Stealth
   617 | D:2      | Reached XP level 2. HP: 25/25 MP: 2/2
   755 | D:2      | Identified the +3 ring mail "Oreum" {rElec}
  1269 | D:3      | Reached skill level 4 in Ranged Weapons
  1269 | D:3      | Reached XP level 3. HP: 16/30 MP: 3/3
  1586 | D:3      | Reached XP level 4. HP: 5/38 MP: 4/4
  1587 | D:3      | Slain by a ball python

Illustrated notes

Levels and vault maps discovered:
D:1:      lemuel_arrival_funnel, layout_loops_ring,
          shapermc_ecumenical_altar_venn
D:2:      layout_loops_ring
D:3:      layout_basic, nicolae_hepliaklqana_hippocampus,
          gammafunk_ghost_necromancy, hangedman_decor_diamond_cutter

Skill      XL: |  1  2  3 |
---------------+----------+-----
Stealth        | 1 2 |  2.0
Dodging        | 2 |  2.4
Ranged Weapons | 4 |  4.2
Fighting       | 3 |  3.0

Action                   |  1- 3 |  4- 6 || total
-------------------------+-------+-------++-------
 Fire: Shortbow          |    55 |     2 ||    57
Armor: Skin              |     3 |       ||     3
Dodge: Dodged            |     6 |       ||     6

Table legend: (Time is in decaauts)
 A = Elapsed time spent in this place.
 B = Non-inter-level travel time spent in this place.
 C = Inter-level travel time spent in this place.
 D = Time resting spent in this place.
 E = Time spent auto-exploring this place.
 F = Levels seen in this place.
 G = Mean time per level.
                   A        B        C        D        E       F      G
               +--------+--------+--------+--------+--------+-----+--------+
         Total |   1603 |   1524 |     79 |      0 |   1385 |   3 |  534.3 |
       Dungeon |   1603 |   1524 |     79 |      0 |   1385 |   3 |  534.3 |
               +--------+--------+--------+--------+--------+-----+--------+

Top non-repeatable levels by time:
     D:2: 684 daAuts
     D:1: 562 daAuts
     D:3: 355 daAuts
